 Dungeon Crawl Stone Soup version 0.18-a0-1805-g8ab820f (webtiles) character file.

1278 M4edhros the Covert (level 8, -8/43 HPs)
             Began as a Kobold Artificer on Apr 25, 2016.
             Splashed by a jelly's acid (10 damage)
             ... on level 5 of the Dungeon.
             The game lasted 00:09:08 (4162 turns).

M4edhros the Covert (Kobold Artificer)              Turns: 4162, Time: 00:09:10

Health: -8/43      AC: -3    Str:  6 (9)  XL:     8   Next: 84%
Magic:  9/9        EV: 15    Int:  7 (10) God:
Gold:   160        SH:  0    Dex: 18 (19) Spells: 0 memorised, 7 levels left

rFire  . . .     SeeInvis .     o - +1 dagger (venom)
rCold  . . .     Gourm    .     b - +0 leather armour
rNeg   . . .     Faith    .     (shield restricted)
rPois  .         Spirit   .     (no helmet)
rElec  .         Dismiss  .     (no cloak)
rCorr  .         Reflect  .     (no gloves)
SustAt .         Harm     .     n - +0 pair of boots
MR     .....                    (no amulet)
Stlth  +++++++...               (no ring)
                                (no ring)

@: corroded, not resistant to hostile enchantments, extremely stealthy
A: icy blue scales 1, camouflage 1, carnivore 3, low mp 1, sturdy frame 1
a: no special abilities


You were on level 5 of the Dungeon.
You were very full.

You visited 2 branches of the dungeon, and saw 7 of its levels.
You also visited: Sewer and Ossuary.

You collected 160 gold pieces.

Inventory:

Hand Weapons
 k - a +0 hunting sling
 o - a +1 dagger of venom (weapon)
 q - a +0 blowgun
 v - a +0 morningstar of flaming
Missiles
 l - 18 sling bullets
 r - 39 poisoned needles
 u - 118 stones (quivered)
Armour
 b - a +0 leather armour (worn)
 n - a +0 pair of boots (worn)
Wands
 c - a wand of flame (3/48)
 d - a wand of enslavement (15/24)
 e - a wand of random effects (15/48)
 F - a wand of acid (8/15)
Scrolls
 g - a scroll of fog
 i - 2 scrolls of magic mapping {unknown}
 m - 2 scrolls of enchant armour
 s - 2 scrolls of fear
 w - 5 scrolls of immolation {unknown}
 y - a scroll of remove curse {unknown}
 A - 5 scrolls of random uselessness {unknown}
 B - a scroll of brand weapon {unknown}
 D - a scroll of noise {unknown}
 E - 2 scrolls of identify
Potions
 a - a potion of cure mutation {unknown}
 h - 2 potions of brilliance
 j - 2 potions of curing
 p - 2 potions of flight
 t - 2 potions of heal wounds
 z - 8 potions of degeneration
 C - a potion of magic {unknown}
Comestibles
 f - a meat ration
 x - a beef jerky
 G - a chunk of flesh


   Skills:
 - Level 1.1 Fighting
 - Level 1.3 Short Blades
 - Level 2.4 Dodging
 + Level 13.6 Stealth
 - Level 3.6 Evocations


You had 7 spell levels left.
You didn't know any spells.

Dungeon Overview and Level Annotations

Branches:
Dungeon (6/15)             Temple (1/1) D:5

Altars:
Ashenzari
Elyvilon
Kikubaaqudgha
Pakellas
Qazlal
Trog
Vehumet
The Shining One


Innate Abilities, Weirdness & Mutations

You are small and have problems with some larger weapons.
You are carnivorous and can eat meat at any time.
You are partially covered in icy blue scales (AC +1).
Your skin changes colour to match your surroundings (Stealth).
Your magical capacity is low (-10% MP).
Your movements are slightly less encumbered by armour (ER -2).


Message History

You are too injured to fight recklessly!
You are too injured to fight recklessly!
The jelly quivers.
You hit the jelly but do no damage.
The jelly is poisoned.
Your hands burn!
The jelly hits you but does no damage.
You hit the jelly. The acid corrodes you!
Your hands burn!
The jelly is lightly wounded.
The jelly hits you.
You are splashed with acid!
The acid burns!
* * * LOW HITPOINT WARNING * * *
You hit the jelly but do no damage.
Your hands burn!
* * * LOW HITPOINT WARNING * * *
The jelly is lightly wounded.
The jelly hits you but does no damage.
You hit the jelly but do no damage. The acid corrodes you!
Your hands burn!
* * * LOW HITPOINT WARNING * * *
The jelly is lightly wounded.
The jelly hits you.
* * * LOW HITPOINT WARNING * * *
You are splashed with acid!
The acid burns!
You die...

#≈≈≈≈≈≈.≈≈≈≈≈≈#..#..#
#≈≈≈≈.....≈≈≈≈#..##.##
#≈≈≈.......≈≈≈#..##..#
#≈≈.........≈≈#..###.###
#≈...........≈#.........
#≈.....?.....≈##.####.##
#≈....$......≈##........
#≈...........≈##.....).#
#≈....?@.....≈#..####..#
#≈≈....J....≈≈## #...
#≈≈≈.......≈≈≈# #÷#[
#≈≈≈≈.....≈≈≈≈# #.#.
#≈≈≈≈≈≈≈≈≈≈≈≈≈# ###...
################........
#........ #........
#........


You could see a jelly.

Vanquished Creatures
  Eustachio (D:4)
  An ogre (D:4)
  A giant frog (D:6)
  3 big kobolds (Sewer)
  A scorpion (D:5)
  2 howler monkeys
  A crimson imp (D:6)
  A centaur zombie (Ossuary)
  3 orc wizards
  4 orc priests
  2 hounds (D:4)
  A human zombie (Ossuary)
  4 worker ants
  5 mummies (Ossuary)
  7 adders
  3 oozes (Sewer)
  An adder skeleton (D:5)
  A dart slug (D:1)
  2 giant geckos (D:4)
  7 orcs
  12 giant cockroaches
  3 gnoll zombies (Ossuary)
  A hobgoblin (D:1)
  7 jackals
  12 kobolds
  3 ball pythons
  5 bats
  4 giant newts
  A goblin zombie (Ossuary)
  A hobgoblin zombie (Ossuary)
  2 jackal zombies
  An orc zombie (Ossuary)
  A quokka skeleton (D:4)
  3 rats
  2 rat zombies (D:6)
109 creatures vanquished.

Vanquished Creatures (others)
  An orc (D:5)
1 creature vanquished.

Grand Total: 110 creatures vanquished

Notes
Turn   | Place    | Note
--------------------------------------------------------------
     0 | D:1      | M4edhros the Kobold Artificer began the quest for the Orb.
     0 | D:1      | Reached XP level 1. HP: 12/12 MP: 3/3
    67 | D:1      | Reached skill level 2 in Stealth
   147 | D:1      | Reached XP level 2. HP: 13/16 MP: 4/4
   219 | D:1      | Reached skill level 3 in Stealth
   776 | D:2      | Reached skill level 4 in Stealth
   776 | D:2      | Reached XP level 3. HP: 14/20 MP: 5/5
  1216 | D:4      | Reached skill level 5 in Stealth
  1216 | D:4      | Reached XP level 4. HP: 12/25 MP: 6/6
  1289 | D:4      | Reached skill level 6 in Stealth
  1289 | D:4      | Reached XP level 5. HP: 21/29 MP: 7/7
  1315 | D:4      | Noticed an ogre
  1324 | D:4      | Killed an ogre
  1324 | D:4      | Reached skill level 7 in Stealth
  1324 | D:4      | Reached XP level 6. HP: 28/34 MP: 8/8
  1340 | D:4      | Reached skill level 8 in Stealth
  1374 | D:4      | Noticed Eustachio
  1395 | D:4      | Killed Eustachio
  1395 | D:4      | Reached skill level 9 in Stealth
  1449 | D:4      | Found a glowing drain.
  1473 | Sewer    | Entered a sewer
  1582 | Sewer    | Reached XP level 7. HP: 38/38 MP: 9/9
  1724 | Sewer    | Reached skill level 10 in Stealth
  1916 | D:4      | Reached skill level 11 in Stealth
  2458 | D:4      | Reached XP level 8. HP: 30/43 MP: 10/10
  2486 | D:4      | Reached skill level 12 in Stealth
  2700 | D:5      | Entered Level 5 of the Dungeon
  3064 | D:6      | Reached skill level 13 in Stealth
  3094 | D:6      | Found a sand-covered staircase.
  3121 | Ossuary  | Entered an ossuary
  3285 | Ossuary  | Gained mutation: You are partially covered in icy blue scales (AC +1). [potion of mutation]
  3285 | Ossuary  | Gained mutation: Your skin changes colour to match your surroundings (Stealth). [potion of mutation]
  3285 | Ossuary  | Gained mutation: Your magical capacity is low (-10% MP). [potion of mutation]
  3287 | Ossuary  | Gained mutation: Your mind is acute. (Int +2) [potion of mutation]
  3287 | Ossuary  | Gained mutation: Your movements are slightly less encumbered by armour (ER -2). [potion of mutation]
  3287 | Ossuary  | Lost mutation: Your mind is acute. (Int +2) [potion of mutation]
  3972 | D:5      | Found a staircase to the Ecumenical Temple.
  4037 | Temple   | Entered the Ecumenical Temple
  4162 | D:5      | HP: 2/43 [jelly (2)]
  4162 | D:5      | Splashed by a jelly's acid

Vault maps used:
D:1:      lightli_arrival_statuegarden
D:2:      nicolae_overflow_crystal_walls, kennysheep_okawaru_gauntlet,
          minitemple, uniq_crazy_yiuf_cottage, uniq_sigmund, uniq_jessica,
          uniq_natasha, uniq_robin
D:3:      overflow_temple_1_default, lemuel_round_altar
D:4:      gup_sewer_entry_pipe, uniq_eustachio
D:5:      minmay_temple_entry_mist, first_bread, serial_shops, shop,
          kennysheep_generic_room_2
D:6:      lemuel_ice_spiral_2, enter_ossuary_4
Temple:   minmay_temple_bridge_a_8
Sewer:    kennysheep_pipe_town
Ossuary:  ossuary_crypta

Skill      XL: |  1  2  3  4  5  6  7  8 |
---------------+-------------------------+-----
Stealth        | 2 4 5 6 7 9 11 13 | 13.6
Fighting       | |  1.1
Short Blades   | |  1.3
Dodging        | |  2.4
Evocations     | |  3.6

Action                   |  1- 3 |  4- 6 |  7- 9 || total
-------------------------+-------+-------+-------++-------
Melee: Short sword       |    89 |       |       ||    89
       Dagger            |    17 |    56 |   284 ||   357
       Morningstar       |       |       |    13 ||    13
 Fire: Blowgun           |       |       |     2 ||     2
Evoke: Wand              |     3 |       |     9 ||    12
  Use: Potion            |     1 |     1 |    12 ||    14
       Scroll            |       |       |     3 ||     3
 Stab: Sleeping          |     6 |    13 |    14 ||    33
       Distracted        |       |       |     2 ||     2
  Eat: Chunk             |     7 |     4 |     8 ||    19
Armor: Leather armour    |    43 |     5 |    55 ||   103
Dodge: Dodged            |   105 |    31 |   201 ||   337
